Map: Blackpink LE

Players

Nerchio

  • Race: Zerg Zerg
  • Spawn Location: 7:00

HeRoMaRinE - Winner!

  • Race: Terran Terran
  • Spawn Location: 1:00

Event: WCS Leipzig 2018

VOD

Have the link to the VOD?

Description

Time

  • Played on: Jan. 26, 2018, 12:27 p.m.
  • Length: 13:02

All games in this series

Show
View Real Time Build Order
Export as new Build Order

Nerchio Zerg 

Build Orders: Pool First 

Get SALT Encoding   

  12  0:00  Drone  
  13  0:12  Overlord  
  13  0:17  Drone  
  14  0:30  Drone x2  
  14  0:34  Drone  
  17  0:45  Spawning Pool  
  17  0:48  Drone  
  17  0:56  Drone  
  18  0:59  Extractor  
  17  1:14  Hatchery  
  17  1:17  Drone  
  17  1:20  Drone  
  18  1:32  Zergling x2  
  19  1:35  Queen  
  19  1:39  Drone  
  22  1:49  Overlord  
  22  1:58  Metabolic Boost  
  22  2:08  Drone  
  23  2:11  Drone, Queen  
  26  2:25  Drone  
  26  2:27  Drone  
  28  2:32  Drone  
  29  2:40  Hatchery  
  29  2:42  Drone  
  29  2:43  Drone  
  30  2:45  Drone  
  30  2:48  Drone  
  30  2:50  Drone  
  33  2:55  Overlord  
  33  2:57  Drone  
  34  3:05  Queen  
  36  3:16  Zergling x6  
  36  3:18  Queen  
  40  3:24  Drone x3  
  40  3:26  Drone  
  44  3:31  Overlord  
  44  3:38  Overlord  
  44  3:45  Baneling Nest  
  43  3:49  Queen  
  43  3:51  Drone  
  43  3:52  Drone x3  
  43  3:53  Drone  
  43  3:55  Drone  
  51  3:57  Drone  
  52  4:05  Drone x3  
  54  4:11  Zergling x2  
  54  4:14  Zergling x6  
  54  4:15  Zergling x2  
  54  4:16  Queen  
  59  4:19  Overlord  
  59  4:22  Zergling x2  
  60  4:28  Overlord, Roach Warren  
  60  4:30  Overlord  
  59  4:35  Overlord  
  59  4:39  Drone x2  
  59  4:40  Drone x3  
  64  4:46  Overlord  
  60  5:09  Roach x6  
  60  5:12  Roach  
  74  5:18  Drone x4  
  74  5:19  Drone x2  
  74  5:20  Drone x2  
  80  5:24  Drone  
  80  5:30  Drone  
  80  5:35  Drone  
  77  5:38  Drone  
  77  5:39  Spore Crawler  
  77  5:40  Spore Crawler x2  
  77  5:42  Drone x2  
  70  5:45  Queen  
  70  5:46  Drone  
  70  5:48  Lair  
  69  5:51  Extractor x3  
  69  5:53  Extractor  
  69  5:54  Drone x2, Extractor  
  69  5:56  Drone  
  67  6:04  Roach  
  68  6:06  Drone  
  68  6:07  Drone  
  69  6:13  Drone x2  
  70  6:18  Drone x3  
  70  6:20  Drone  
  70  6:24  Drone x2  
  76  6:31  Roach  
  76  6:32  Hatchery  
  77  6:33  Roach  
  77  6:35  Roach  
  77  6:37  Pneumatized Carapace  
  77  6:38  Roach x3  
  87  6:40  Evolution Chamber  
  87  6:41  Overlord  
  87  6:42  Evolution Chamber  
  87  6:45  Drone  
  86  6:51  Hydralisk Den, Infestation Pit, Glial Reconstitution  
  84  6:54  Roach x2  
  84  6:59  Overlord x3  
  84  7:00  Drone  
  89  7:02  Drone  
  89  7:03  Drone  
  89  7:05  Drone  
  92  7:08  Overseer  
  92  7:09  Drone x2  
  92  7:10  Drone  
  92  7:13  Zerg Missile Weapons Level 1  
  95  7:16  Overseer  
  95  7:20  Drone x3  
  98  7:23  Muscular Augments  
  98  7:28  Hydralisk x2  
  102  7:33  Hydralisk  
  104  7:37  Hydralisk x2  
  108  7:44  Hydralisk  
  108  7:45  Hydralisk x2  
  114  7:53  Hive  
  114  7:55  Extractor, Hydralisk x2  
  114  7:58  Overlord  
  117  8:04  Drone x6  
  117  8:05  Drone x2  
  124  8:11  Overlord  
  125  8:19  Hydralisk x3  
  121  8:20  Hydralisk x2  
  121  8:26  Hydralisk x2  
  135  8:36  Extractor  
  135  8:40  Hydralisk x2  
  135  8:41  Hydralisk  
  138  8:44  Hatchery  
  138  8:45  Overlord  
  139  8:48  Drone x2  
  139  8:53  Overlord  
  141  9:00  Hydralisk  
  141  9:02  Overlord x2  
  143  9:05  Drone x3  
  144  9:17  Hydralisk x2  
  144  9:18  Hydralisk x2  
  144  9:19  Roach  
  144  9:20  Roach x3  
  144  9:21  Roach  
  144  9:22  Roach x4  
  144  9:23  Roach x3  
  160  9:27  Roach x2  
  160  9:29  Roach  
  158  9:35  Roach x3  
  149  9:39  Hydralisk  
  149  9:42  Drone  
  149  9:43  Zerg Missile Weapons Level 2  
  149  9:44  Zerg Melee Weapons Level 1  
  149  9:45  Drone  
  153  9:46  Drone  
  153  9:50  Drone  
  153  9:52  Viper  
  153  9:57  Drone  
  153  9:58  Queen  
  153  9:59  Drone x2  
  157  10:05  Hydralisk x3  
  157  10:06  Viper  
  160  10:12  Viper x2  
  166  10:14  Overlord  
  166  10:19  Hydralisk  
  166  10:20  Hydralisk  
  170  10:21  Hydralisk  
  170  10:25  Hydralisk  
  172  10:30  Overlord x2  
  172  10:32  Overlord x2  
  172  10:34  Hydralisk  
  174  10:36  Hydralisk  
  174  10:41  Hydralisk x2  
  174  10:42  Hydralisk  
  176  10:46  Hydralisk x2  
  176  10:52  Hydralisk x3  
  176  10:55  Hydralisk  
  180  10:59  Hydralisk x2  
  180  11:01  Hydralisk  
  180  11:05  Hydralisk  
  180  11:07  Roach  
  180  11:08  Roach  
  184  11:12  Roach x2  
  184  11:13  Roach  
  184  11:18  Hydralisk x2  
  161  11:21  Hydralisk x2  
  161  11:23  Hydralisk  
  140  11:26  Hydralisk  
  140  11:27  Hydralisk  
  140  11:30  Roach  
  140  11:31  Hydralisk  
  130  11:35  Ravager x2  
  130  11:37  Hydralisk  
  130  11:39  Hydralisk  
  130  11:42  Zergling x8  
  130  11:43  Zergling x2  
  130  11:44  Zergling x4  
  130  11:46  Zergling x4  
  141  11:49  Zergling x4  
  141  11:51  Zergling x4  
  141  11:52  Ravager  
  145  11:59  Hydralisk x2  
  145  12:00  Hydralisk x2  
  138  12:03  Hydralisk  
  138  12:05  Hydralisk  
  138  12:07  Hydralisk  
  116  12:09  Hydralisk  
  116  12:12  Roach  
  116  12:14  Hydralisk  
  112  12:17  Hydralisk  
  112  12:20  Hydralisk  
  116  12:22  Hydralisk  
  116  12:29  Hydralisk x2  
  118  12:30  Hydralisk  
  118  12:35  Roach x2  
  122  12:38  Roach x2  
  122  12:41  Roach x2  
Show
View Real Time Build Order
Export as new Build Order

HeRoMaRinE Terran - Winner!

Build Orders: Gas First Reaper Expand, Reaper Expand, Hellion Banshee, Mech 

Get SALT Encoding   

  12  0:00  SCV  
  13  0:12  SCV  
  14  0:17  Supply Depot  
  14  0:25  SCV  
  14  0:28  Refinery  
  15  0:39  SCV  
  16  0:44  Barracks  
  16  0:51  SCV  
  17  1:03  SCV  
  18  1:15  SCV  
  19  1:31  Orbital Command, Reaper  
  20  1:42  Command Center  
  20  1:52  Factory  
  20  1:56  SCV  
  21  2:05  Barracks Reactor  
  21  2:08  SCV  
  22  2:13  Supply Depot  
  22  2:19  Refinery  
  22  2:20  SCV  
  23  2:34  SCV  
  24  2:42  Starport  
  24  2:46  SCV  
  24  2:49  Hellion x2  
  24  2:51  Barracks Tech Lab  
  29  2:54  Orbital Command  
  29  2:58  SCV  
  30  3:11  Hellion x2  
  34  3:13  SCV  
  34  3:19  Viking  
  37  3:25  SCV x2  
  39  3:29  Supply Depot  
  39  3:39  Cyclone  
  39  3:40  Cyclone  
  45  3:44  SCV  
  46  3:51  SCV  
  46  3:52  Supply Depot  
  47  3:56  SCV  
  48  4:03  SCV  
  48  4:08  SCV  
  48  4:15  SCV  
  48  4:20  Hellion x2, SCV  
  48  4:21  Armory, Banshee  
  56  4:27  SCV  
  57  4:32  SCV  
  57  4:35  Supply Depot  
  58  4:39  SCV  
  58  4:41  Hellion  
  58  4:44  SCV  
  62  4:55  Command Center  
  62  4:56  SCV x2, Hellion  
  64  5:08  Hellion  
  64  5:10  SCV x2  
  64  5:12  Terran Vehicle Weapons Level 1  
  64  5:14  Refinery  
  67  5:15  Refinery  
  67  5:18  Hellion  
  69  5:22  SCV  
  69  5:28  Factory  
  70  5:30  Factory  
  70  5:33  SCV  
  70  5:34  SCV  
  70  5:42  Hellion  
  68  5:43  Hellion  
  68  5:45  SCV  
  68  5:48  SCV, Barracks Tech Lab  
  60  5:53  Starport Reactor  
  60  5:57  SCV  
  60  6:01  SCV  
  60  6:04  Hellion x2  
  66  6:09  SCV  
  65  6:15  SCV  
  66  6:19  Factory  
  66  6:21  SCV, Factory  
  66  6:24  Refinery  
  66  6:25  Hellion x2  
  71  6:26  Siege Tank  
  71  6:27  Refinery  
  71  6:28  Siege Tank  
  71  6:32  SCV  
  78  6:33  SCV  
  78  6:38  Orbital Command  
  79  6:44  SCV  
  79  6:45  SCV  
  81  6:49  Starport Reactor  
  81  6:51  Supply Depot  
  81  6:54  Supply Depot  
  81  6:56  SCV  
  81  6:57  SCV  
  81  6:59  Siege Tank  
  81  7:00  Siege Tank  
  89  7:07  Terran Vehicle And Ship Armor Level 1  
  89  7:08  SCV  
  90  7:09  SCV, Factory Tech Lab  
  90  7:12  SCV, Engineering Bay  
  92  7:20  SCV  
  92  7:21  SCV  
  94  7:24  SCV, Infernal Pre-Igniter  
  95  7:30  Viking  
  95  7:31  Siege Tank  
  95  7:32  SCV, Siege Tank  
  95  7:34  SCV  
  95  7:36  SCV  
  106  7:39  Supply Depot  
  106  7:40  Supply Depot  
  106  7:44  SCV  
  106  7:45  Supply Depot  
  106  7:46  SCV  
  106  7:47  Supply Depot  
  106  7:49  SCV  
  109  8:01  SCV, Medivac x2, Siege Tank  
  109  8:04  Supply Depot x2  
  120  8:05  Siege Tank x2  
  120  8:06  SCV x2  
  120  8:08  Hellion x2  
  120  8:11  Hellion  
  129  8:25  Supply Depot x2  
  129  8:30  Hellion x3  
  129  8:31  Medivac x2  
  129  8:33  Siege Tank  
  142  8:37  Hellion x11, Siege Tank  
  142  8:39  Siege Tank  
  148  8:45  Hellion  
  150  8:50  Supply Depot  
  150  8:51  Hellion, Supply Depot  
  150  8:52  Hellion  
  150  8:55  Barracks  
  154  9:00  Viking x2  
  156  9:06  Terran Vehicle Weapons Level 2  
  156  9:12  Siege Tank  
  156  9:13  Hellion  
  161  9:19  Hellion  
  161  9:20  Hellion  
  161  9:23  Hellion x2  
  159  9:25  Siege Tank  
  159  9:27  SCV x2  
  159  9:28  SCV  
  159  9:30  Viking x2  
  161  9:34  Hellion  
  161  9:39  SCV  
  161  9:41  Hellion  
  156  9:47  Hellion x2  
  156  9:49  Siege Tank  
  164  9:56  Hellion  
  164  10:00  Viking x2  
  164  10:02  Hellion  
  164  10:05  Refinery  
  166  10:08  Thor  
  166  10:09  Hellion  
  166  10:11  Supply Depot  
  166  10:12  Hellion, Supply Depot  
  170  10:18  Hellion  
  170  10:20  Thor  
  174  10:22  Siege Tank  
  174  10:25  Hellion  
  175  10:30  Hellion  
  175  10:33  Hellion  
  167  10:39  Viking  
  166  10:47  Hellion x2  
  163  10:54  SCV x2  
  163  10:56  Siege Tank  
  165  11:01  Hellion x2  
  164  11:05  Command Center, Viking, Missile Turret  
  164  11:06  Missile Turret  
  156  11:18  Hellion  
  156  11:19  Hellion, Siege Tank  
  156  11:24  Hellion  
  156  11:25  Hellion  
  143  11:29  Hellion x2  
  140  11:39  Viking  
  144  11:40  Hellion x2  
  144  11:45  Hellion  
  144  11:46  Hellion  
  150  11:51  Hellion x3  
  156  12:01  Hellion x2  
  156  12:06  Hellion  
  156  12:08  Hellion  
  147  12:11  SCV x3  
  147  12:12  Siege Tank x2  
  147  12:13  Hellion  
  160  12:23  Hellion x2  
  160  12:28  Hellion  
  160  12:29  Hellion  
Tags
 
Add a new tag
Caveats
  • Supply blocks, unpowered buildings, or Contaminate may cause inaccurate times.
  • Supply counts are checked every 10 seconds.